 Dungeon Crawl Stone Soup version 0.19.4-8-ga85b6b9 (webtiles) character file.

54 nono the Ducker (level 4, -2/30 HPs)
             Began as a Halfling Monk on Feb 11, 2017.
             Slain by a goblin
             ... wielding a +0 club
             ... led by Robin
              (3 damage)
             ... on level 2 of the Dungeon.
             The game lasted 00:02:18 (885 turns).

nono the Ducker (Halfling Monk)                      Turns: 885, Time: 00:02:18

Health: -2/30      AC:  3    Str: 13    XL:     4   Next: 12%
Magic:  4/4        EV: 17    Int: 13    God:
Gold:   84         SH:  0    Dex: 16    Spells: 0 memorised, 3 levels left

rFire  . . .     SeeInvis .     o - +2 short sword (venom)
rCold  . . .     Gourm    .     b - +0 robe
rNeg   . . .     Faith    .     (shield restricted)
rPois  .         Spirit   .     (no helmet)
rElec  .         Reflect  .     m - +0 cloak
rCorr  .         Harm     .     (no gloves)
MR     .....                    (no boots)
Stlth  ++........               (no amulet)
                                (no ring)
                                (no ring)

@: brilliant
A: mutation resistance 1
a: no special abilities


You were on level 2 of the Dungeon.
You were not hungry.

You visited 1 branch of the dungeon, and saw 2 of its levels.

You collected 84 gold pieces.

Inventory:

Hand Weapons
 a - a +0 falchion
 o - a +2 short sword of venom (weapon)
Missiles
 h - 63 stones (quivered)
 l - 10 sling bullets
Armour
 b - a +0 robe (worn)
 m - a +0 cloak (worn)
Scrolls
 d - 3 scrolls of identify {unknown}
 i - a scroll of immolation {unknown}
 j - a scroll of teleportation {unknown}
 k - 2 scrolls of random uselessness {unknown}
 n - a scroll of noise {unknown}
Comestibles
 c - 2 bread rations
 f - 4 fruits
 p - 2 meat rations


   Skills:
 - Level 2.6 Fighting
 + Level 3.8 Long Blades
 + Level 4.3 Dodging
 - Level 2.1 Stealth


You had 3 spell levels left.
You didn't know any spells.

Dungeon Overview and Level Annotations

Branches:
Dungeon (2/15)

Altars:
Hepliaklqana

Annotations:
D:2 Robin


Innate Abilities, Weirdness & Mutations

You are small and have problems with some larger weapons.
You are somewhat resistant to further mutation.


Message History

The goblin closely misses you.
You closely miss the hobgoblin. The goblin misses you.
The hobgoblin hits you with a club!
* * * LOW HITPOINT WARNING * * *
The goblin barely misses you. The goblin hits you with a club.
* * * LOW HITPOINT WARNING * * *
You hit the hobgoblin.
The hobgoblin is almost dead.
The goblin barely misses you. The goblin misses you.
The hobgoblin closely misses you. The goblin hits you with a club.
* * * LOW HITPOINT WARNING * * *
You aren't carrying any items that you can evoke.
You hit the hobgoblin but do no damage.
The hobgoblin is poisoned.
The hobgoblin is almost dead.
You kill the hobgoblin!
The goblin barely misses you. The goblin completely misses you.
You hit Robin.
Robin is poisoned.
Robin is lightly wounded.
The goblin hits you with a club.
You die...

#.# #.# #.### #####
#.#.. #...####### #.#..
#...#.....# #.###
#...#.....# #....
########g..#.....###....
....g.g@g..'............
##...###g(.#.....###...#
#. #..(####### #...#
#...# #...# ##### #>..#
..... ##...# #...# #...#


You could see Robin, a hobgoblin and 3 goblins.

Vanquished Creatures
  3 adders
  An ooze (D:1)
  3 bats (D:1)
  A giant cockroach (D:2)
  5 goblins
  5 hobgoblins
  A frilled lizard (D:2)
  A kobold (D:2)
  A rat (D:1)
21 creatures vanquished.

Vanquished Creatures (others)
  A goblin (D:2)
1 creature vanquished.

Grand Total: 22 creatures vanquished

Notes
Turn   | Place    | Note
-------+----------+-------------------------------------------
     0 | D:1      | nono the Halfling Monk began the quest for the Orb.
     0 | D:1      | Reached XP level 1. HP: 15/15 MP: 1/1
   296 | D:1      | Reached XP level 2. HP: 19/20 MP: 2/2
   631 | D:1      | Reached XP level 3. HP: 25/25 MP: 3/3
   746 | D:2      | Found a hazy altar of Hepliaklqana.
   771 | D:2      | Reached skill level 4 in Dodging
   866 | D:2      | Noticed Robin
   868 | D:2      | Reached XP level 4. HP: 26/30 MP: 4/4
   883 | D:2      | HP: 1/30 [goblin/club[Robin] (6)]
   885 | D:2      | Slain by a goblin

Skill      XL: |  1  2  3 |
---------------+----------+-----
Dodging        | 4 |  4.3
Fighting       | |  2.6
Long Blades    | |  3.8
Stealth        | |  2.1

Action                   |  1- 3 |  4- 6 || total
-------------------------+-------+-------++-------
Melee: Falchion          |    45 |       ||    45
       Short sword       |    12 |    14 ||    26
  Use: Potion            |       |     2 ||     2
 Stab: Sleeping          |     5 |       ||     5
Armor: Robe              |     5 |     1 ||     6
Dodge: Dodged            |    54 |    34 ||    88
       Rpst.: Falchion   |    12 |       ||    12
